 Dungeon Crawl Stone Soup version 0.22-a0-83-g218e7ff (webtiles) character file.

15 wvc the Sneak (level 2, -5/22 HPs)
             Began as a Naga Wanderer on Jan 19, 2018.
             Killed from afar by Sigmund (12 damage)
             ... with a puff of flame
             ... on level 2 of the Dungeon.
             The game lasted 00:01:50 (1229 turns).

wvc the Sneak (Naga Wanderer)                       Turns: 1229, Time: 00:01:50

Health: -5/22      AC:  2    Str: 12    XL:     2   Next: 50%
Magic:  6/6        EV:  8    Int: 10    God:
Gold:   28         SH:  0    Dex: 14    Spells: 7/7 levels left

rFire    . . .     SeeInvis +   a - +2 quarterstaff
rCold    + . .     Gourm    .   (shield currently unavailable)
rNeg     . . .     Faith    .   k - +0 leather armour
rPois    +         Spirit   .   (no helmet)
rElec    .         Reflect  +   (no cloak)
rCorr    +         Harm     .   (no gloves)
MR       .....                  (no barding)
Stlth    +.........             c - +6 amulet of reflection
HPRegen  0.07/turn              e - ring of resist corrosion
MPRegen  0.10/turn              m - ring of protection from cold

@: confused, very slow
A: large, see invisible, deformed body, poison resistance, slowness 2, slow
metabolism 1, spit poison 1, AC +0
a: Spit Poison


You were on level 2 of the Dungeon.
You were not hungry.

You visited 1 branch of the dungeon, and saw 2 of its levels.

You collected 28 gold pieces.

Inventory:

Hand Weapons
 a - a +2 quarterstaff (weapon)
 d - a +0 dagger
Armour
 k - a +0 leather armour (worn)
Jewellery
 c - a +6 amulet of reflection (around neck)
 e - a ring of resist corrosion (left hand)
 m - a ring of protection from cold (right hand)
Scrolls
 g - a scroll of blinking
 h - a scroll of identify
Potions
 b - a potion of lignification
 i - 2 potions of invisibility
 j - a potion of mutation {unknown}
 l - 2 potions of agility
Comestibles
 f - 4 rations


   Skills:
 + Level 3.0 Staves
 - Level 3.0 Stealth
 - Level 3.0 Spellcasting
   Level 2.0 Ice Magic
   Level 1.0 Evocations


You had 7 spell levels left.
You didn't know any spells.

Dungeon Overview and Level Annotations

Branches:
Dungeon (2/15)

Altars:

Annotations:
D:2 Sigmund


Innate Abilities, Weirdness & Mutations

You cannot wear boots.
Your serpentine skin is tough. (AC +0)
You have supernaturally acute eyesight. (SInv)
Armour fits poorly on your strangely shaped body.
Your system is resistant to poisons. (rPois)
You cover ground very slowly.
You have a slow metabolism.
You can spit poison.


Message History

Found a leather armour.
Okay, then.
You sock the adder!
The adder is severely wounded.
Sigmund points at you and mumbles some strange words.
The magic dart hits you! The adder completely misses you.
Sigmund gestures at you while chanting.
You are more confused.
You bump into the rock wall.
The adder bites you.
Sigmund points at you and mumbles some strange words.
You are more confused.
You're too confused to move!
The adder completely misses you. The adder closely misses you.
Sigmund gestures at you while chanting. The puff of flame hits you!
You bump into the rock wall.
The adder bites you.
Sigmund points at you and mumbles some strange words.
The puff of flame hits you!
Ouch! That really hurt!
You die...

.....####.#### ...#
#.# ## ## ##.## ..
#...# .. #...# [#
#...# .#
####...#####.# .
#...........#.##....
............@......@
#...........#S.?....
#####...#####.##.##.
#...# .# # .....# .#
#.....# .# ...... ..
.... ##


You could see Sigmund and an adder.

Vanquished Creatures
  A leopard gecko (D:1)
  A goblin (D:1)
  A hobgoblin (D:1)
  3 jackals (D:1)
  A quokka (D:2)
  2 frilled lizards (D:1)
  2 kobolds (D:1)
  2 rats (D:1)
13 creatures vanquished.

Notes
Turn   | Place    | Note
-------+----------+-------------------------------------------
     0 | D:1      | wvc the Naga Wanderer began the quest for the Orb.
     0 | D:1      | wvc set off with: a +2 quarterstaff, a potion of lignification, a +0 robe, a +0 dagger, a ration
     0 | D:1      | Reached XP level 1. HP: 15/15 MP: 4/4
   483 | D:1      | Reached XP level 2. HP: 5/22 MP: 6/6
  1225 | D:2      | Noticed Sigmund
  1229 | D:2      | Killed from afar by Sigmund

Vault maps used:
D:1:      dpeg_arrival_signposts
D:2:      chequers_ecumenical_altar_lobes, uniq_sigmund

Skill      XL: |  1  2 |
---------------+-------+-----
Staves         | 3 |  3.0
Stealth        | |  3.0
Spellcasting   | |  3.0
Ice Magic      | |  2.0
Evocations     | |  1.0

Action                   || total
-------------------------++-------
Melee: Quarterstaff      ||    19
  Use: Scroll            ||     7
 Stab: Sleeping          ||     6
Dodge: Dodged            ||     6

Table legend:
 A = Spawn XP
 B = Non-spawn XP
 C = Spawn XP percentage of total XP
 D = Spawn monster count
 E = Non-spawn monster count
 F = Spawn count percentage of total count
 G = Total turns spent on level
                    A         B        C        D         E        F      G
               +---------+---------+-------+---------+---------+-------+---------
         Total |       0 |      22 |   0.0 |       0 |      13 |   0.0 |  1229
               +---------+---------+-------+---------+---------+-------+---------
           D:1 |       0 |      20 |   0.0 |       0 |      12 |   0.0 |  1190
           D:2 |       0 |       2 |   0.0 |       0 |       1 |   0.0 |    39
               +---------+---------+-------+---------+---------+-------+---------
